[Event "5th Sharjah Masters 2022"]
[Site "Sharjah"]
[Date "2022.05.21"]
[Round "1.39"]
[White "Iskandarov, Misratdin"]
[Black "Ammar, Sedrani"]
[Result "1-0"]
[ECO "E18"]
[WhiteElo "2601"]
[BlackElo "2255"]
[Annotator "TA"]
[PlyCount "82"]
[EventDate "2022.05.21"]
[EventType "swiss"]
[EventCountry "UAE"]
[SourceTitle "playchess.com"]
[Source "ChessBase"]
[SourceQuality "1"]
[TimeControl "5400+30"]

1. c4 e6 2. Nf3 d5 3. g3 Nf6 4. Bg2 Be7 5. O-O O-O 6. d4 b6 7. Qc2 Bb7 8. Nc3 Nbd7 9. cxd5 exd5 10. Bf4 a6 {[%emt 0:08:48] E18: Queen's Indian: Old Main Line (4 g3 Bb7 5 Bg2 Be7 6 0-0 0-0 7 Nc3).} 11. Rac1 Nh5 12. Be3 Nhf6 {[%emt 0:02:30] White is slightly better.} 13. Bf4 Nh5 $1 14. Bd2 Nhf6 15. Ne5 Bd6 {[%emt 0:03:39] [#]} 16. Nc4 $1 {[%emt 0:02:58] [#]} Be7 $146 ({Predecessor:} 16... Bb4 17. Nxd5 Nxd5 18. Bxd5 Bxd5 19. Bxb4 Re8 20. f3 Qf6 21. Qd3 Bb7 22. e4 a5 23. Bc3 Ba6 24. d5 Qg6 25. Qd4 Rad8 {1-0 (42) Nguyen,A (2507)-Duong,T (2320) Ho Chi Minh City 2019}) 17. Ne3 $36 {[%emt 0:02:26][%mdl 2048] White is pushing.} c6 18. Nf5 Re8 $1 19. Nxe7+ Qxe7 20. Rfe1 Nf8 21. Na4 N6d7 22. e4 Ne6 ({Black should play} 22... dxe4 $14 23. Bxe4 (23. Qxe4 Qxe4 24. Bxe4 Rac8 $14) 23... Qf6) 23. exd5 $16 cxd5 {[%emt 0:00:09] [#]} 24. Qb3 (24. Qc7 $1 $16 Rab8 25. Nxb6 Nxc7 26. Rxe7 Rxe7 27. Rxc7) 24... Qd8 25. Be3 {[%emt 0:04:38] 0x0.002198612b34dp-1022s more active pieces.} b5 26. Nc5 Ndxc5 27. dxc5 {[%emt 0:00:07] Black must now prevent c6.} Qd7 28. Red1 Red8 29. Bd4 Rac8 (29... a5 $14) 30. Qc3 Bc6 31. Re1 Re8 32. Bh3 Rcd8 33. Re3 Qc7 34. Bxe6 fxe6 35. Rce1 Qf7 36. Re5 h6 37. h4 Rc8 38. h5 Re7 (38... a5 $16) 39. f4 Rf8 40. Rf1 Qxf4 $2 (40... a5 41. Qxa5 Ra7) 41. gxf4 $18 {[%emt 0:00:43] And now Qg3 would win.} Ref7 {[%emt 0:02:48] Weighted Error Value: White=0.10 (very precise) /Black=0.17 (very precise)} 1-0

[Event "5th Sharjah Masters 2022"]
[Site "Sharjah"]
[Date "2022.05.22"]
[Round "2.2"]
[White "Sethuraman, S.P."]
[Black "Sarana, Alexey"]
[Result "1/2-1/2"]
[ECO "B92"]
[WhiteElo "2613"]
[BlackElo "2675"]
[Annotator "TA"]
[PlyCount "74"]
[EventDate "2022.05.21"]
[EventType "swiss"]
[EventCountry "UAE"]
[SourceTitle "playchess.com"]
[Source "ChessBase"]
[SourceQuality "1"]
[TimeControl "5400+30"]

1. e4 c5 2. Nf3 d6 3. d4 cxd4 4. Nxd4 Nf6 5. Nc3 a6 6. Be2 e5 7. Nb3 Be7 8. Be3 Be6 9. O-O O-O 10. Re1 {[%emt 0:00:07] 10.Qd3 is setting a new trend. B92: Sicilian Najdorf: 6 Be2.} Nbd7 11. a4 Rc8 12. a5 Rxc3 13. bxc3 Nxe4 {[%emt 0:00:03] [#]} 14. Qd3 $146 ({Predecessor:} 14. Bf3 Nxc3 15. Qd2 Qc7 16. Bxb7 Qxb7 17. Qxc3 Rc8 18. Qd3 d5 19. Rab1 Qc6 20. Bb6 {0-1 (30) Tomiello,M (2004)-Solon,N (2306) Chess.com INT 2022}) 14... f5 15. c4 {[%emt 0:08:53] Against d5} Qc7 16. Reb1 Rc8 17. Nd2 Ndc5 18. Qa3 f4 (18... Nxd2 $11 {remains equal.} 19. Bxd2 Ne4) 19. Nxe4 $16 Nxe4 20. Qd3 Nf6 (20... fxe3 21. Qxe4 exf2+ 22. Kf1 $14) (20... Qxc4 21. Rxb7 fxe3 22. Rxe7 exf2+ 23. Kf1 $16) 21. Ba7 Ra8 22. Bb6 Qc6 23. Re1 Qd7 24. Bf3 Bf5 25. Qd2 {[%emt 0:01:25] White is more active.} g5 (25... Bg6 $16) 26. c5 {[%emt 0:04:21] aiming for cxd6.} e4 27. cxd6 Qxd6 28. Qxd6 Bxd6 29. Bd4 exf3 30. Bxf6 {[%emt 0:00:04] Strongly threatening Rad1.} Kf7 {[%emt 0:00:03] [#]} 31. Be5 ({Much less strong is} 31. Bxg5 $6 Rg8 32. h4 h6 $14) (31. Rad1 $1 $18 Ba3 32. Bd8 (32. Bxg5 Rg8 $16)) 31... Bxe5 32. Rxe5 {[%emt 0:00:06][%mdl 4096] Endgame KRR-KRB} Kf6 {[%emt 0:00:07] [#]} 33. Rc5 (33. Ree1 $1 $16) 33... fxg2 $14 34. Kxg2 Rd8 $1 35. Ra4 {[%emt 0:05:50] Hoping for Rb4.} Bd7 $1 {[%emt 0:01:48] The position is equal.} 36. Rb4 Bc6+ 37. Rxc6+ bxc6 {[%emt 0:00:29] Weighted Error Value: White=0.12 (very precise) /Black=0.16 (very precise)} 1/2-1/2

[Event "5th Sharjah Masters 2022"]
[Site "Sharjah"]
[Date "2022.05.22"]
[Round "2.3"]
[White "Deac, Bogdan-Daniel"]
[Black "Aryan Chopra"]
[Result "1/2-1/2"]
[ECO "E56"]
[WhiteElo "2671"]
[BlackElo "2609"]
[Annotator "TA"]
[PlyCount "107"]
[EventDate "2022.05.21"]
[EventType "swiss"]
[EventCountry "UAE"]
[SourceTitle "playchess.com"]
[Source "ChessBase"]
[SourceQuality "1"]
[TimeControl "5400+30"]

1. d4 Nf6 2. c4 e6 3. Nc3 Bb4 4. e3 O-O 5. Bd3 d5 6. Nf3 dxc4 7. Bxc4 c5 8. O-O Nc6 9. a3 Ba5 10. Qd3 Qe7 {[%emt 0:21:44] E56: Nimzo-Indian: Rubinstein: Main Line: 7...Nc6.} 11. Ne4 Nxe4 12. Qxe4 Bc7 {[%emt 0:00:13] [#] White is slightly better.} 13. dxc5 $146 ({But not} 13. Bd3 f5 14. Qh4 Qxh4 15. Nxh4 g5 $15) ({Predecessor:} 13. Bd2 Rd8 14. Rad1 Qf6 15. dxc5 Qxb2 16. Ng5 h6 17. Qh7+ Kf8 18. Bc1 Qc3 19. Rxd8+ Bxd8 {1-0 (27) Nemeth,L (1268)-Perez,F (2206) LSS email 2017}) 13... Qxc5 14. b4 Qf5 15. Qxf5 exf5 16. Bb2 Be6 17. Rac1 Bxc4 18. Rxc4 Bb6 19. a4 a6 20. Rfc1 Rfd8 21. g4 (21. a5 $16 Bc7 22. Nd4) 21... fxg4 $11 22. Rxg4 g6 23. b5 axb5 24. axb5 Ne7 25. Bf6 Re8 26. Rd1 {[%emt 0:02:19] Against Nd5} Nf5 $1 27. Rd5 {[%emt 0:08:18] Black must now prevent Rxf5.} h5 (27... Nh6 $5 28. Rc4 Nf5 $14) 28. Rg5 Nh6 {[%emt 0:10:39] [#]} (28... Nxe3 $2 29. Rxh5 gxh5 30. Rxh5 Ra1+ 31. Bxa1 $18) (28... Ne7 $11) 29. h3 {[%emt 0:04:23] White is more active.} ({Better is} 29. Rge5 $1 $16) 29... Bd8 {[%emt 0:00:44] The position is equal.} 30. Bxd8 Rexd8 31. Rxd8+ Rxd8 {[%emt 0:00:04][%mdl 4096] Endgame KRN-KRN} 32. Rc5 Nf5 33. Rc7 Nd6 34. Ng5 Nxb5 35. Rxb7 Nd6 36. Ra7 Rf8 37. Kg2 f6 38. Ne6 {[%emt 0:00:41] [#] Threatens to win with Rg7+.} Rf7 {[%emt 0:00:04] Inhibits Rg7+.} 39. Ra8+ Kh7 40. Rd8 Nf5 41. e4 Ng7 42. Nf4 g5 43. Nd5 Kg6 44. Rd6 Ne8 45. Rc6 Ra7 46. h4 gxh4 47. Nf4+ Kf7 48. Nxh5 Ra5 {[%emt 0:00:22] Hoping for ...Rg5+.} 49. Nf4 f5 50. exf5 Rxf5 51. Ng6 Rg5+ 52. Kh3 Rxg6 53. Rxg6 Kxg6 54. Kxh4 {[%emt 0:00:04] Weighted Error Value: White=0.08 (flawless) /Black=0.06 (flawless)} 1/2-1/2

[Event "5th Sharjah Masters 2022"]
[Site "Sharjah"]
[Date "2022.05.22"]
[Round "2.4"]
[White "Sindarov, Javokhir"]
[Black "Gukesh D"]
[Result "1-0"]
[ECO "B31"]
[WhiteElo "2609"]
[BlackElo "2659"]
[Annotator "TA"]
[PlyCount "63"]
[EventDate "2022.05.21"]
[EventType "swiss"]
[EventCountry "UAE"]
[SourceTitle "playchess.com"]
[Source "ChessBase"]
[SourceQuality "1"]
[TimeControl "5400+30"]

1. e4 c5 2. Nf3 Nc6 3. Bb5 g6 4. Bxc6 dxc6 5. d3 Qc7 6. O-O {[%emt 0:00:30] B31: Sicilian: 2...Nc6 3 Bb5 g6.} e5 7. a4 {[%emt 0:00:30] [#]} a5 $146 ({Predecessor:} 7... Nf6 8. a5 Nh5 9. Nc3 Be7 10. Be3 O-O 11. Nd2 Rb8 12. Ne2 Nf4 13. Nc4 Be6 {½-½ (46) Giri,A (2764)-Carlsen,M (2862) chess24.com INT 2020}) 8. Na3 {[%emt 0:00:30] White is slightly better.} f6 9. c3 Be6 10. d4 Rd8 11. Be3 Bg4 12. d5 f5 13. h3 $1 ({Don't play} 13. Bg5 Be7 14. Bxe7 Qxe7 $15) 13... Bxf3 14. Qxf3 fxe4 15. Qg3 {[%emt 0:00:30] Hoping for dxc6.} Rxd5 16. f3 $1 Bh6 {[%emt 0:00:30] [#]} 17. Bxh6 Nxh6 18. fxe4 Rd7 (18... Rd8 $14) 19. Nc4 $16 {[%emt 0:00:30][%mdl 1024] White has strong compensation.} Nf7 (19... Rf7 $16) 20. h4 (20. Rf6 $18) 20... O-O 21. h5 $1 Kg7 (21... g5 22. Rf5 $16) 22. Ne3 {[%emt 0:00:30] White is more active.} Qd8 23. Nf5+ ({Stronger than} 23. hxg6 hxg6 24. Nf5+ Kh7 $11) (23. Rf2 $18 {has better winning chances.}) 23... Kh8 24. hxg6 hxg6 25. Qxg6 $40 {[%emt 0:01:00][%csl Gf5][%cal Rg6g7][%mdl 128] Black needs to defend precisely.} Qg5 $2 {[%emt 0:01:30] [#] This move loses the game for Black.} ({Better is} 25... Ng5 $1 $14) 26. Ne7 $1 $18 {[%emt 0:00:30] Really sharp!} ({Not} 26. Qxg5 Nxg5 27. Ne3 Rg8 $11) 26... Qxe7 (26... Rxe7 27. Qxg5 Nxg5 28. Rxf8+ Kg7) 27. Rf5 {[%emt 0:00:30][%cal Bf1f5,Bf5g5,Bg5h5][%mdl 32] White is clearly winning.} Ng5 28. Rxg5 Qg7 {[%emt 0:00:30] Prevents Qh6+.} 29. Rh5+ Kg8 30. Qe6+ Rff7 31. Rf1 {[%emt 0:00:30] Intending Rff5 and mate.} Kf8 32. Rhf5 {[%emt 0:00:30] Weighted Error Value: White=0.07 (flawless) /Black=0.29 (precise)} 1-0

[Event "5th Sharjah Masters 2022"]
[Site "Sharjah"]
[Date "2022.05.22"]
[Round "2.5"]
[White "Hovhannisyan, Robert"]
[Black "Martirosyan, Haik M."]
[Result "1/2-1/2"]
[ECO "C67"]
[WhiteElo "2607"]
[BlackElo "2652"]
[Annotator "TA"]
[PlyCount "35"]
[EventDate "2022.05.21"]
[EventType "swiss"]
[EventCountry "UAE"]
[SourceTitle "playchess.com"]
[Source "ChessBase"]
[SourceQuality "1"]
[TimeControl "5400+30"]

1. e4 e5 2. Nf3 Nc6 3. Bb5 Nf6 4. O-O Nxe4 5. d4 Nd6 6. Bxc6 dxc6 7. dxe5 Nf5 8. Qxd8+ Kxd8 9. Rd1+ Ke8 10. Nc3 Be6 11. Ng5 {[%emt 0:00:39] C67: Ruy Lopez: Berlin Defence: 4 0-0 Nxe4.} Bc8 12. Ne2 Be7 13. Ne4 Nh4 14. b3 Bf5 15. N2g3 Bg6 {[%emt 0:00:10] [#]} 16. Bb2 $146 ({Predecessor:} 16. Bf4 Rd8 17. e6 Nf5 18. exf7+ Kxf7 19. Ng5+ Bxg5 20. Bxg5 Rxd1+ 21. Rxd1 h6 22. Bf4 Re8 23. c3 Nxg3 24. hxg3 {½-½ (24) Tkachenko,I (2282)-Begliy,M (2434) ICCF email 2016}) 16... Nf5 17. c4 h5 18. Nxf5 {[%emt 0:03:24] An interesting draw.  Weighted Error Value: White=0.05 (flawless) /Black=0.02 (flawless)} 1/2-1/2

[Event "5th Sharjah Masters 2022"]
[Site "Sharjah"]
[Date "2022.05.22"]
[Round "2.6"]
[White "Gupta, Abhijeet"]
[Black "Sargsyan, Shant"]
[Result "1-0"]
[ECO "E00"]
[WhiteElo "2606"]
[BlackElo "2641"]
[Annotator "TA"]
[PlyCount "79"]
[EventDate "2022.05.21"]
[EventType "swiss"]
[EventCountry "UAE"]
[SourceTitle "playchess.com"]
[Source "ChessBase"]
[SourceQuality "1"]
[TimeControl "5400+30"]

1. d4 Nf6 2. c4 e6 3. g3 Bb4+ 4. Nd2 c5 5. Ngf3 cxd4 6. a3 {[%emt 0:00:23] E00: Catalan Bogo-Indian (3 g3 Bb4+).} Be7 7. Nxd4 Nc6 {[%emt 0:01:18] [#]} 8. N4f3 $146 (8. Nxc6 $11 bxc6 9. Bg2) ({Predecessor:} 8. N2b3 d5 9. Bg2 O-O 10. cxd5 exd5 11. O-O Re8 12. Bf4 Bg4 13. Rc1 Rc8 14. h3 {0-1 (39) Vypkhaniuk,I (2412)-Novikov,E (2276) Chess.com INT 2021}) 8... b6 (8... d5 $15) 9. Bg2 $11 Bb7 10. O-O O-O 11. b4 d5 12. Bb2 Rc8 13. cxd5 Nxd5 14. e4 Nf6 15. Qe2 Qd7 16. Rfd1 Rfd8 17. e5 Nd5 18. Ne4 {[%emt 0:00:11][%cal Oe4f6] Threatens to win with Nf6+!} Qe8 19. Nd6 (19. Rac1 $14) 19... Bxd6 $15 20. exd6 Rxd6 21. Ng5 f6 {[%emt 0:07:43] [#]} (21... Qe7 $5 22. Nf3 (22. Qh5 h6 $15) 22... f6 $15) 22. Nxe6 Nd8 {[%emt 0:06:03] Pair of Knights!} (22... Ne5 23. f4) 23. Nd4 Qxe2 24. Nxe2 {[%emt 0:00:04][%cal Oe2c3] Nc3! is the strong threat.} Rc2 {[%emt 0:08:28][%csl LRb2,LRe2] [#] Against Nc3} 25. Nc3 Rxb2 26. Nxd5 Bxd5 (26... Nf7 $11 {remains equal.}) 27. Bxd5+ $16 Kf8 {[%emt 0:00:19] [#]} 28. Be4 (28. Bg8 $1 $16 Rxd1+ (28... Rdd2 29. Rxd2) 29. Rxd1) 28... Nf7 (28... Ra2 $1 $11 {is more appropriate.}) 29. Bxh7 $14 Rxd1+ 30. Rxd1 {[%emt 0:00:20][%mdl 4096] Endgame KRB-KRN} Ra2 31. Rd3 a5 (31... Ng5 $14 {is superior.}) 32. bxa5 $16 bxa5 33. Rc3 Ne5 34. f4 Nd7 (34... Nf7 $16 35. Bg6 Ra1+ 36. Kg2 Nd6) 35. Bf5 $18 Nb6 36. Be6 Ra1+ 37. Kg2 Na4 38. Re3 (38. Rc7 $142) 38... Nc5 {[%emt 0:00:17] [#]} (38... g6 $16 {is a better defense.} 39. Kf3 f5) 39. Bf5 $1 {[%emt 0:00:44] White wants to mate with Bg6.} a4 $2 {[%emt 0:01:35] [#]} (39... Rd1 $18 40. Bg6 Rd8) 40. Bg6 $1 {[%emt 0:01:00] Weighted Error Value: White=0.12 (very precise) /Black=0.42} 1-0

[Event "5th Sharjah Masters 2022"]
[Site "Sharjah"]
[Date "2022.05.22"]
[Round "2.7"]
[White "Abasov, Nijat"]
[Black "Puranik, Abhimanyu"]
[Result "1/2-1/2"]
[ECO "D97"]
[WhiteElo "2635"]
[BlackElo "2608"]
[Annotator "TA"]
[PlyCount "50"]
[EventDate "2022.05.21"]
[EventType "swiss"]
[EventCountry "UAE"]
[SourceTitle "playchess.com"]
[Source "ChessBase"]
[SourceQuality "1"]
[TimeControl "5400+30"]

1. d4 Nf6 2. c4 g6 3. Nc3 d5 4. Nf3 Bg7 5. Qb3 dxc4 6. Qxc4 O-O 7. e4 Nc6 8. h3 e5 {[%emt 0:02:38] D97: Grünfeld: Russian System: 7 e4, replies other than 7...Bg4.} 9. dxe5 Nd7 10. e6 Nde5 11. exf7+ Rxf7 12. Nxe5 Nxe5 13. Qb3 {[%emt 0:00:17] [#]} c6 $146 ({Predecessor:} 13... Nd3+ 14. Bxd3 Qxd3 15. Be3 Qa6 16. Rd1 Be6 17. Qc2 Bxa2 18. b3 Qc6 19. Bd2 Qb6 20. Be3 Bxb3 21. Qd2 Qe6 22. Rc1 Rd7 23. Qe2 Rad8 24. Nd5 Qxe4 {0-1 (24) Macieja,B (2614)-Erdos,V (2624) Achaia 2012}) 14. Be3 Qe7 15. Rd1 Be6 16. Qc2 Raf8 17. Be2 $1 Nc4 18. Bxc4 Bxc4 19. b3 (19. h4 $14) 19... Rxf2 20. Bxf2 $14 Rxf2 21. Kxf2 (21. Rd2 $1 $14 Rxd2 22. Qxd2 Bxc3 23. Qxc3 Qxe4+ 24. Kf2) 21... Qc5+ $1 $11 {[%emt 0:01:02] The position is equal.} 22. Ke1 Qe3+ 23. Ne2 Bc3+ $1 {[%emt 0:00:08] A strong pair of Bishops.} 24. Kf1 Qf4+ $1 25. Kg1 Qe3+ {[%emt 0:00:12] Weighted Error Value: White=0.16 (very precise) /Black=0.19 (very precise)} 1/2-1/2

[Event "5th Sharjah Masters 2022"]
[Site "Sharjah"]
[Date "2022.05.22"]
[Round "2.8"]
[White "Badelka, Olga"]
[Black "Idani, Pouya"]
[Result "0-1"]
[ECO "E40"]
[WhiteElo "2453"]
[BlackElo "2635"]
[Annotator "TA"]
[PlyCount "56"]
[EventDate "2022.05.21"]
[EventType "swiss"]
[EventCountry "UAE"]
[SourceTitle "playchess.com"]
[Source "ChessBase"]
[SourceQuality "1"]
[TimeControl "5400+30"]

1. d4 Nf6 2. c4 e6 3. Nc3 Bb4 4. e3 d5 5. a3 Bxc3+ 6. bxc3 c6 {[%emt 0:00:06] E40: Nimzo-Indian: Rubinstein (4 e3): Unusual Black 4th moves.} 7. a4 {[%emt 0:00:20] is cutting edge theory.} O-O 8. Ba3 Re8 {[%emt 0:00:31] The position is equal.} 9. Nf3 Qc7 $5 {[%emt 0:00:07][%mdl 4] Exploring less charted territory.} 10. Bd3 {[%emt 0:02:40] [#]} Nbd7 $146 ({Predecessor:} 10... b6 11. O-O Ba6 12. Ne5 c5 13. cxd5 exd5 14. Bxa6 Nxa6 15. Qd3 Nb8 16. Qb5 a6 {½-½ (57) Wagner,D (2578)-Kvetny,M (2415) Austria 2021}) 11. O-O e5 {[%emt 0:01:06] aiming for ...e4.} 12. Nd2 e4 13. Be2 dxc4 14. Nxc4 Re6 {[%emt 0:00:07] Inhibits Bd6.} 15. Qb3 Nd5 16. Nd2 (16. a5 $16) 16... Rh6 $11 17. g3 N7f6 {[%emt 0:02:17] Strongly threatening ...Qd7.} 18. c4 (18. Rfe1 $1 $14) 18... Qd7 $1 19. f3 (19. cxd5 {gets mated.} Qh3) ({Better is} 19. h4 $11 Nc7 20. Qb4) 19... Rxh2 $1 $15 {[%emt 0:00:13][%cal Od7h3] ( -> ...Qh3!)} (19... Qh3 $2 20. Rf2 exf3 21. Bxf3 $18 (21. Bf1 Qh5 $16)) 20. Kxh2 (20. Rf2 $15 Rxf2 21. Kxf2 exf3 22. Bxf3) 20... Qh3+ $40 {[%emt 0:01:02][%mdl 128] Black has some attack.} 21. Kg1 Qxg3+ 22. Kh1 {[%emt 0:00:03][%cal Oa3d6] [#]} Nxe3 $1 {[%emt 0:03:02][%mdl 512] Black is clearly winning.} 23. Qxe3 {[%emt 0:16:19] [#]} Ng4 $1 24. fxg4 Qxe3 25. Nxe4 Qxe4+ 26. Bf3 Qg6 27. Rg1 Qd3 28. Kg2 Qxc4 {[%emt 0:01:13] Weighted Error Value: White=0.58/Black=0.09 (flawless)} 0-1

[Event "5th Sharjah Masters 2022"]
[Site "Sharjah"]
[Date "2022.05.22"]
[Round "2.9"]
[White "Chigaev, Maksim"]
[Black "Aravindh, Chithambaram VR."]
[Result "1/2-1/2"]
[ECO "A13"]
[WhiteElo "2631"]
[BlackElo "2606"]
[Annotator "TA"]
[PlyCount "153"]
[EventDate "2022.05.21"]
[EventType "swiss"]
[EventCountry "UAE"]
[SourceTitle "playchess.com"]
[Source "ChessBase"]
[SourceQuality "1"]
[TimeControl "5400+30"]

1. c4 e6 2. g3 d5 3. Bg2 g6 4. Nf3 Bg7 5. O-O Ne7 6. d4 O-O 7. Qc2 Nbc6 {[%emt 0:16:26] A13: English Opening: 1...e6.} 8. Rd1 a5 9. b3 {[%emt 0:04:30] [#]} dxc4 $146 (9... Nxd4 $11 10. Nxd4 c5) ({Predecessor:} 9... Nxd4 10. Nxd4 c5 11. Bb2 cxd4 12. Bxd4 e5 13. Bc5 d4 14. Nc3 Qc7 15. Na4 Ra6 {0-1 (41) Horvath,C (2520)-Sandipan,C (2568) Leiden 2016}) 10. bxc4 $16 e5 (10... Bxd4 11. Nc3 $16) (10... Nxd4 $2 11. Nxd4 Bxd4 12. Ba3 $18) 11. dxe5 Bf5 12. Qa4 (12. Rxd8 $16 Bxc2 13. Rxa8 Rxa8 14. Bf4) 12... Qe8 $11 13. Bb2 Nxe5 14. Qxe8 Nxf3+ 15. Bxf3 Raxe8 16. Bxg7 Kxg7 17. Bxb7 c6 18. c5 $1 Rb8 19. Ba6 Nd5 {[%emt 0:06:09] [#] And now ...Nb4 would win.} 20. Bc4 Be6 21. Rd2 Rb4 22. Bb3 Rb5 23. Rc2 Nb4 24. Rc1 Bxb3 25. axb3 Na6 26. b4 Nxb4 27. Na3 Rb7 28. Nc4 Ra8 29. Nxa5 Rb5 30. Nb3 Rxa1 31. Rxa1 {[%emt 0:00:21][%mdl 4096] Endgame KRN-KRN} Nd5 32. Nd4 Rxc5 33. Ra7 {[%emt 0:00:35] aiming for Ne6+.} Rc4 34. Ne6+ Kf6 35. Nd8 Ne7 36. Rc7 h5 {[%emt 0:00:34] [#]} 37. h3 (37. h4 $1 $16) 37... Rd4 (37... g5 $11 {keeps the balance.}) 38. Nxc6 $16 Nxc6 39. Rxc6+ {[%emt 0:00:01] KR-KR} Kg7 40. Kg2 Ra4 41. Rd6 Kf8 42. Kf3 Ke7 43. Rb6 Ra2 44. e4 Rc2 45. Ke3 Ra2 46. e5 Ra4 47. Rd6 Rb4 48. f3 ({Better is} 48. h4 $14) 48... Ra4 ({Black should play} 48... h4 $11) 49. h4 $14 Kf8 50. Rd4 Ra3+ 51. Kf4 Kg7 52. Rb4 Rc3 53. Rb7 Rc4+ 54. Ke3 $1 Kf8 55. Rd7 Ra4 56. Rd4 Ra3+ 57. Kf4 Kg7 $1 58. g4 hxg4 59. fxg4 Ra6 60. Re4 Ra1 61. h5 gxh5 {[%emt 0:00:34] The position is equal.} 62. gxh5 Rf1+ 63. Kg3 Kh6 64. Rf4 Re1 65. Rf5 Re4 66. Kf3 Re1 67. Kf4 Re2 (67... Rf1+ 68. Ke4 Re1+ 69. Kd5 $14) 68. Kg4 Re4+ 69. Kg3 Re2 70. Kf4 Re1 (70... Rf2+ 71. Kg4 Re2 72. Rf6+ (72. Rxf7 Rxe5 73. Rf6+ Kh7 $11) 72... Kg7 73. h6+ Kg8 74. Rf5) 71. Kf3 Kg7 (71... Rf1+ 72. Ke4 Re1+ 73. Kd5) 72. Kg4 Rg1+ 73. Kf4 {[%emt 0:00:19] White threatens Rg5+ and mate.} Re1 74. Kg4 Rg1+ 75. Kf3 Re1 76. Kf4 Kh6 77. Kg4 {[%emt 0:00:09] Weighted Error Value: White=0.16 (very precise) /Black=0.14 (very precise)} 1/2-1/2

[Event "5th Sharjah Masters 2022"]
[Site "Sharjah"]
[Date "2022.05.22"]
[Round "2.10"]
[White "Kamalidenova, Meruert"]
[Black "Yilmaz, Mustafa"]
[Result "1/2-1/2"]
[ECO "B51"]
[WhiteElo "2408"]
[BlackElo "2631"]
[Annotator "TA"]
[PlyCount "118"]
[EventDate "2022.05.21"]
[EventType "swiss"]
[EventCountry "UAE"]
[SourceTitle "playchess.com"]
[Source "ChessBase"]
[SourceQuality "1"]
[TimeControl "5400+30"]

1. e4 c5 2. Nf3 d6 3. Bb5+ Nd7 4. Ba4 Ngf6 5. O-O e6 6. c4 {[%emt 0:00:46] B51: Sicilian: Moscow Variation (3 Bb5+) without 3...Bd7.} Be7 7. Nc3 O-O 8. d4 cxd4 9. Nxd4 a6 10. Kh1 Qc7 11. Qe2 Ne5 12. Bb3 Bd7 13. f4 Nc6 {[%emt 0:01:36] [#]} 14. Be3 $146 ({Predecessor:} 14. Nf3 Rfc8 15. e5 Ne8 16. Bc2 g6 17. Bd2 Nb4 18. Bb3 a5 19. Nb5 Qd8 20. Bc3 {½-½ (46) Bacrot,E (2642)-Shankland,S (2708) Belgrade 2022}) 14... Rac8 15. Nxc6 Bxc6 16. Bd4 Nd7 17. Rac1 Qa5 18. Bc2 b5 19. Nd5 Rfe8 (19... exd5 $11 20. exd5 Bxd5 21. Qxe7 (21. cxd5 Bf6 $15) 21... Rxc4 22. Bxh7+ Kxh7 23. Qh4+ Kg8 24. Bxg7 Kxg7 25. Qg5+ Kh8 26. Rxc4 Bxc4 27. Qh6+ Kg8 28. Qg5+ Kh7 29. Qh4+ Kg8 30. Qg5+ Kh8 31. Qh6+ Kg8 32. Qg5+) 20. cxb5 (20. Bc3 $14 Qd8 21. Nb4 (21. Nxe7+ Qxe7 22. e5 dxe5 $11) (21. Qg4 Bf6 $11)) 20... Bxb5 $11 21. Nxe7+ ({Reject} 21. Qg4 Bf8 22. Bc3 Qd8 $17) 21... Rxe7 22. Bd3 (22. Qg4 e5 23. fxe5 dxe5 $17) 22... Rce8 23. Bc3 {[%emt 0:02:37] This bishop pair is nice.} ({Much worse is} 23. Qg4 e5 24. Bxb5 axb5 25. fxe5 dxe5 $11) 23... Qxa2 24. Bxb5 axb5 25. Qxb5 {[%emt 0:00:09] [#] And now Ra1 would win.} Qa8 {[%emt 0:01:55] The position is equal.} 26. Rfe1 e5 27. fxe5 Nxe5 28. Ra1 Qd8 29. Ra6 Re6 30. h3 h6 31. Rd1 Qh4 32. Raxd6 Ng4 $1 33. Rxe6 Nf2+ 34. Kh2 Rxe6 35. Qb8+ Kh7 36. Be1 ({Wrong is} 36. Rd7 $2 Ng4+ 37. Kh1 Rxe4 $19) 36... Rxe4 37. Bxf2 Qxf2 {[%emt 0:00:02][%mdl 4096] Endgame KQR-KQR} 38. b4 Re2 {[%emt 0:01:00][%csl Ge2][%cal Rf2g2,Be4e2,Be2b2,Bb2b3][%mdl 32] [#]} 39. Qg3 {[%emt 0:00:23] Active counter play!} Qf5 40. Qd3 Qxd3 41. Rxd3 {[%emt 0:00:03] KR-KR} Rb2 42. Rd4 Rb3 43. Kg1 Rb2 44. Kh2 f5 45. Kg3 g5 46. Kf3 Rb3+ 47. Kf2 f4 48. Rd7+ Kg6 49. Rb7 Rb2+ 50. Kf3 Rb3+ 51. Kf2 h5 52. Rb6+ Kf5 53. Rb5+ Kf6 54. Rb6+ Kf7 55. Rb7+ Ke6 56. Rb6+ Kf5 57. Rb5+ Kf6 58. Rb6+ Kg7 59. Rb7+ Kf6 {[%emt 0:00:32] Weighted Error Value: White=0.04 (flawless) /Black=0.06 (flawless)} 1/2-1/2